 Dungeon Crawl Stone Soup version 0.31-a0-986-g5e6e4ef867 (webtiles) character file.

Game seed: 4039054844558855039

1769 pokeman the Thaumaturge (level 8, -8/46 HPs)
             Began as a Deep Elf Hedge Wizard on Nov 10, 2023.
             Mangled by an ice beast (13 damage)
             ... on level 6 of the Dungeon.
             The game lasted 00:10:08 (6939 turns).

pokeman the Thaumaturge (Deep Elf Hedge Wizard)     Turns: 6939, Time: 00:10:09

Health: -8/46      AC:  2    Str:  7    XL:     8   Next: 80%
Magic:  31/33      EV: 13    Int: 22    God:
Gold:   270        SH:  0    Dex: 14    Spells: 19/27 levels left

rFire   . . .        i - +2 whip (pain)
rCold   . . .        (no shield)
rNeg    . . .        w - +0 robe of Betuid {rElec rCorr}
rPois   .            c - +0 hat
rElec   +            (no cloak)
rCorr   +            (no gloves)
SInv    .            (no boots)
Will    .....        b - amulet of magic regeneration
Stlth   ++           g - ring of wizardry
HPRegen 0.27/turn    y - ring of magical power
MPRegen 0.63/turn

%: wizardry (x1)
@: on blink cooldown
A: no striking features
a: no special abilities


You were on level 6 of the Dungeon.
You visited 1 branch of the dungeon, and saw 6 of its levels.

You collected 270 gold pieces.

Inventory:

Hand Weapons
 i - a +2 whip of pain (weapon)
Armour
 c - a +0 hat (worn)
 w - the +0 robe of Betuid (worn) {rElec rCorr}
   (You found it on level 4 of the Dungeon)

   rElec:     It insulates you from electricity.
   rCorr:     It protects you from acid and corrosion.
Jewellery
 b - an amulet of magic regeneration (around neck)
 f - a ring of fire
 g - a ring of wizardry (left hand)
 y - a ring of magical power (right hand)
Wands
 n - a wand of iceblast (11)
 u - a wand of digging (5)
 v - a wand of charming (6)
Scrolls
 e - 2 scrolls of blinking {unknown}
 h - 2 scrolls of revelation {unknown}
 j - a scroll of enchant weapon {unknown}
 k - 2 scrolls of identify {unknown}
 m - 2 scrolls of noise {unknown}
 o - 6 scrolls of teleportation
 p - a scroll of fog {unknown}
 r - a scroll of immolation {unknown}
 s - a scroll of enchant armour {unknown}
 z - a scroll of summoning {unknown}
 A - a scroll of fear {unknown}
 B - a scroll of poison {unknown}
Potions
 a - a potion of might {unknown}
 d - 2 potions of magic
 l - 3 potions of cancellation {unknown}
 q - a potion of berserk rage {unknown}
 t - 2 potions of curing {unknown}
 x - a potion of resistance {unknown}


   Skills:
 - Level 3.0 Fighting
 + Level 2.0 Armour
 - Level 3.0 Dodging
 - Level 3.0 Stealth
 * Level 10.2 Spellcasting
 + Level 5.4 Conjurations
 - Level 1.1 Summonings
 + Level 5.1 Necromancy
 - Level 1.1 Translocations
 - Level 1.0 Air Magic
 - Level 1.1 Poison Magic
 - Level 1.1 Evocations


You had 19 spell levels left.
You knew the following spells:

 Your Spells              Type           Power      Damage    Failure   Level
a - Magic Dart            Conj           100%       1d8       1%          1
b - Mephitic Cloud        Conj/Pois/Air  22%        N/A       2%          3
c - Call Imp              Summ           32%        N/A       2%          2
d - Blink                 Tloc           32%        N/A       2%          2

Your spell library contained the following spells:

 Spells                   Type           Power      Damage    Failure   Level
 Cigotuvi's Dreadful Rot  Necr/Pois/Air  44%        N/A       1%          2
 Slow                     Hex            44%        N/A       2%          1
 Dazzling Flash           Conj/Hex       46%        N/A       2%          3
 Hailstorm                Conj/Ice       23%        3d7       2%          3
 Volatile Blastmotes      Fire/Tloc      26%        2d12      6%          3
 Summon Ice Beast         Ice/Summ       13%        N/A       19%         4
 Starburst                Conj/Fire      11%        6d5       71%         6
 Simulacrum               Ice/Necr       11%        N/A       75%         6
 Maxwell's Capacitive Co  Air            8%         ∞         100%        8


Dungeon Overview and Level Annotations

Branches:
Dungeon (6/15)
 Temple: D:4-7

Altars:
Cheibriados
Gozag
Kikubaaqudgha
Makhleb
Nemelex Xobeh
Okawaru
Ru
Wu Jian

Portals:
Abyss: D:5

Annotations:
D:3 2 transporters, Frenzy's ghost, amateur HOMo
D:5 2 transporters, Maxmaps's ghost, amateur OpDe


Message History

The magic dart hits the ice beast.
The ice beast is moderately wounded.
The ice beast closely misses you.
Unknown command.
You hit the ice beast.
The ice beast writhes in agony.
The ice beast is heavily wounded.
The ice beast barely misses you.
You hit the ice beast but do no damage.
The ice beast is heavily wounded.
The ice beast hits you. The ice beast freezes you!
You completely miss the ice beast.
The ice beast is heavily wounded.
The ice beast hits you but does no damage.
You hit the ice beast.
The ice beast is severely wounded.
The ice beast hits you. The ice beast freezes you.
Casting: Magic Dart (safe; 1% risk of failure)
Confirm with . or Enter, or press ? or * to list all spells.
You blink.
Unknown command.
Casting: Blink (safe; 2% risk of failure)
Confirm with . or Enter, or press ? or * to list all spells.
Aiming: Magic Dart (safe; 1% risk of failure)
Press: ? - help, Shift-Dir - straight line, f/p - ice beast
Aim: an ice beast (severely wounded, 100% to hit)
The magic dart hits the ice beast.
The ice beast is almost dead.
The ice beast hits you. The ice beast freezes you!
* * * LOW HITPOINT WARNING * * *
Casting: Magic Dart (safe; 1% risk of failure)
Confirm with . or Enter, or press ? or * to list all spells.
Aiming: Magic Dart (safe; 1% risk of failure)
Press: ? - help, Shift-Dir - straight line, f/p - ice beast
Aim: an ice beast (almost dead, 100% to hit)
The magic dart hits the ice beast but does no damage.
The ice beast is almost dead.
The ice beast hits you.
* * * LOW HITPOINT WARNING * * *
The ice beast freezes you!
You die...

#..# ##.############
#.............#
##.....#######.#
#.####.# #.# #§# #.#
#.# #.# #.##### #.#
###Y#. #.....###.#
#..@#..#####.#...#
#.###.....<#.#.#####
#.#..#.............#
#.# ###...#.#.#.###
#.# #._.#.#.#.# ..#
#...###.#.# ...
##### #.#.# ###
##Z## #.#.# #####
#.#.###


You could see an ice beast.

Vanquished Creatures
  Pikel (D:4)
  Menkaure (D:6)
  Edmund (D:5)
  An ice beast (D:4)
  A black bear (D:5)
  2 ogres
  A phantom (D:4)
  3 lemures (D:4)
  A bullfrog (D:4)
  A howler monkey (D:5)
  2 hounds
  2 jellies
  A sleepcap (D:5)
  Ijyb (D:4)
  5 iguanas
  2 orc wizards
  5 adders
  2 ufetubi (D:5)
  6 worms
  3 dart slugs
  10 orcs
  4 ball pythons
  3 endoplasms
  2 giant cockroaches
  2 goblins (D:1)
  5 hobgoblins
  7 jackals
  5 quokkas
  3 bats
  5 frilled lizards
  6 kobolds
  3 rats (D:1)
97 creatures vanquished.

Vanquished Creatures (collateral kills)
  A sleepcap (D:4)
  A worm (D:4)
2 creatures vanquished.

Vanquished Creatures (others)
  A human (D:6)
1 creature vanquished.

Grand Total: 100 creatures vanquished

Notes
Turn   | Place    | Note
-------+----------+-------------------------------------------
     0 | D:1      | pokeman the Deep Elf Hedge Wizard began the quest for the
                  | Orb.
     0 | D:1      | Reached XP level 1. HP: 10/10 MP: 7/7
   257 | D:1      | Reached XP level 2. HP: 15/15 MP: 5/9
  1076 | D:2      | Reached skill level 5 in Spellcasting
  1076 | D:2      | Reached XP level 3. HP: 15/20 MP: 3/11
  1080 | D:2      | Learned a level 3 spell: Mephitic Cloud
  1083 | D:2      | Learned a level 2 spell: Call Imp
  1086 | D:2      | Learned a level 2 spell: Blink
  2157 | D:3      | Reached skill level 1 in Armour
  2210 | D:3      | Found an iron altar of Okawaru.
  2238 | D:3      | Reached skill level 1 in Fighting
  2318 | D:3      | Reached XP level 4. HP: 19/25 MP: 3/13
  2591 | D:3      | Noticed an ogre
  2591 | D:3      | Noticed Frenzy's ghost (amateur HOMo)
  2591 | D:3      | Noticed an ogre
  2592 | D:3      | Found a transporter.
  2592 | D:3      | Noticed an ogre
  2606 | D:3      | Found a transporter.
  2619 | D:3      | Found a burning altar of Makhleb.
  3393 | D:3      | Found an ornate altar of the Wu Jian Council.
  3493 | D:4      | Found a sacrificial altar of Ru.
  3530 | D:4      | Reached skill level 6 in Spellcasting
  3530 | D:4      | Reached XP level 5. HP: 29/29 MP: 8/15
  3778 | D:4      | Noticed Ijyb
  3794 | D:4      | Killed Ijyb
  3927 | D:4      | Reached skill level 1 in Necromancy
  3931 | D:4      | Noticed a phantom
  4044 | D:4      | Killed a phantom
  4045 | D:4      | Reached skill level 1 in Air Magic
  4045 | D:4      | Reached skill level 1 in Poison Magic
  4045 | D:4      | Reached skill level 1 in Evocations
  4045 | D:4      | Reached XP level 6. HP: 22/34 MP: 6/17
  4173 | D:4      | Noticed an ice beast
  4188 | D:4      | Killed an ice beast
  4340 | D:4      | Reached skill level 7 in Spellcasting
  4468 | D:4      | Reached XP level 7. HP: 39/39 MP: 11/19
  4589 | D:4      | Found a snail-covered altar of Cheibriados.
  4874 | D:4      | Noticed Pikel
  4909 | D:4      | Killed Pikel
  4910 | D:4      | Reached skill level 8 in Spellcasting
  4910 | D:4      | Reached XP level 8. HP: 16/45 MP: 9/22
  5209 | D:4      | Identified the +0 robe of Betuid {rElec rCorr}
  5478 | D:5      | Entered Level 5 of the Dungeon
  5643 | D:5      | Found a transporter.
  5646 | D:5      | Found a transporter.
  5716 | D:5      | Reached skill level 9 in Spellcasting
  5772 | D:5      | Found a sparkling altar of Nemelex Xobeh.
  6294 | D:5      | Noticed Edmund
  6334 | D:5      | Killed Edmund
  6335 | D:5      | Reached skill level 5 in Conjurations
  6525 | D:5      | Found a one-way gate to the infinite horrors of the Abyss.
  6525 | D:5      | Noticed Maxmaps's ghost (amateur OpDe)
  6574 | D:6      | Found an opulent altar of Gozag.
  6755 | D:6      | Noticed Menkaure
  6755 | D:6      | Found an ancient bone altar of Kikubaaqudgha.
  6760 | D:6      | Killed Menkaure
  6761 | D:6      | Reached skill level 10 in Spellcasting
  6761 | D:6      | Reached skill level 5 in Necromancy
  6939 | D:6      | Mangled by an ice beast

Illustrated notes

Levels and vault maps discovered:
D:1:      spicycebolla_arrival_transporter_tutorial, layout_loops_ring
D:2:      layout_basic, nicolae_elevator_lobby_asterisk
D:3:      minmay_general_purpose_star, layout_loops_ring, okawaru_gym_becter,
          mainiacjoe_overflow_surrounded_room, marbit_many_paths,
          gammafunk_ghost_smash
D:4:      layout_layer_cave, cheibrodos_worm_habitat, kennysheep_mini_moat,
          uniq_ijyb, uniq_pikel
D:5:      black_bear_nest_2, layout_loops_ring, mainiacjoe_overflow_alcove_4,
          gammafunk_ghost_abyssal_escape, kennysheep_generic_room_6, uniq_edmund
D:6:      layout_basic, regret_index_temple_of_mockery, tgw_kikubaaqudgha,
          trog_wizard, mainiacjoe_overflow_catwalk_spiral,
          minmay_temple_entry_hall, hangedman_feature_mirror, centaur_isle,
          uniq_eustachio, uniq_menkaure, uniq_crazy_yiuf_cottage

Skill      XL: |  1  2  3  4  5  6  7  8 |
---------------+-------------------------+-----
Spellcasting   | 5 6 7 8 10 | 10.2
Armour         | 1 2 |  2.0
Fighting       | 1 2 3 |  3.0
Conjurations   | 2 3 4 5 |  5.4
Stealth        | 3 |  3.0
Dodging        | 3 |  3.0
Necromancy     | 1 2 3 5 |  5.1
Air Magic      | 1 |  1.0
Poison Magic   | 1 |  1.1
Evocations     | 1 |  1.1
Summonings     | |  1.1
Translocations | |  1.1

Action                     |  1- 3 |  4- 6 |  7- 9 || total
---------------------------+-------+-------+-------++-------
  Melee: Whip              |    14 |    45 |    56 ||   115
         Punch             |       |       |     2 ||     2
   Cast: Magic Dart        |   103 |   114 |   123 ||   340
         Mephitic Cloud    |       |     9 |    16 ||    25
         Call Imp          |       |     3 |     4 ||     7
         Blink             |       |     1 |     1 ||     2
   Stab: Confused          |       |     6 |    14 ||    20
 Armour: Robe              |    28 |    17 |    38 ||    83
  Dodge: Dodged            |    33 |    25 |    41 ||    99

Table legend: (Time is in decaauts)
 A = Elapsed time spent in this place.
 B = Non-inter-level travel time spent in this place.
 C = Inter-level travel time spent in this place.
 D = Time resting spent in this place.
 E = Time spent auto-exploring this place.
 F = Levels seen in this place.
 G = Mean time per level.
                   A        B        C        D        E       F      G
               +--------+--------+--------+--------+--------+-----+--------+
         Total |   6964 |   6644 |    320 |    181 |   5575 |   6 | 1160.7 |
       Dungeon |   6964 |   6644 |    320 |    181 |   5575 |   6 | 1160.7 |
               +--------+--------+--------+--------+--------+-----+--------+

Top non-repeatable levels by time:
     D:4: 1839 daAuts
     D:3: 1523 daAuts
     D:5: 1233 daAuts
     D:2: 1084 daAuts
     D:1: 1053 daAuts
     D:6: 230 daAuts
